 Dungeon Crawl Stone Soup version 0.23-a0-484-g29ba69c (webtiles) character file.

6195 theanonym the Fighter (level 10, -19/80 HPs)
             Began as a Mummy Necromancer on Nov 30, 2018.
             Was an Elder of Vehumet.
             Demolished by an orc warlord
             ... wielding a +3 great sword
              (31 damage)
             ... in a bailey.
             The game lasted 00:27:10 (12327 turns).

theanonym the Fighter (Mummy Necromancer)          Turns: 12327, Time: 00:27:11

Health: -19/80     AC: 11    Str: 11    XL:     10   Next: 61%
Magic:  1/17       EV: 14    Int: 26    God:    Vehumet [****..]
Gold:   449        SH:  0    Dex: 13    Spells: 10/19 levels left

rFire    x . .     SeeInvis .   a - +4 flail of the Magi {drain, *Contam Int+8}
rCold    + . .     Gourm    .   (no shield)
rNeg     + + +     Faith    .   b - +3 leather armour
rPois    ∞         Spirit   .   (no helmet)
rElec    .         Reflect  .   l - scarf {repulsion}
rCorr    .         Harm     .   m - +0 pair of gloves
MR       +....                  i - +2 pair of boots
Stlth    ++........             (no amulet)
HPRegen  0.23/turn              (no ring)
MPRegen  0.15/turn              (no ring)

@: very slightly contaminated, repel missiles
A: no food or potions, fire vulnerability, cold resistance 1, negative energy
resistance 3, torment resistance, unbreathing
a: Renounce Religion


Innate Abilities, Weirdness & Mutations

You do not eat or drink.
Your flesh is vulnerable to fire.
You are immune to poison.
Your flesh is cold resistant. (rC+)
You are immune to negative energy. (rN+++)
You are immune to unholy pain and torment.
You can survive without breathing.


   Skills:
 + Level 8.2 Fighting
   Level 2.9 Short Blades
 - Level 5.0 Armour
 - Level 5.0 Dodging
 - Level 1.5 Stealth
 - Level 5.0 Spellcasting
 + Level 7.6 Conjurations
 - Level 5.0 Necromancy


You had 10 spell levels left.
You knew the following spells:

 Your Spells              Type           Power        Failure   Level  Hunger
a - Pain                  Necr           ####         1%          1    N/A
b - Sting                 Conj/Pois      ####         1%          1    N/A
c - Vampiric Draining     Necr           ####......   3%          3    N/A
e - Animate Dead          Necr           N/A          12%         4    N/A

Your spell library contained the following spells:

 Spells                   Type           Power        Failure   Level  Hunger
 Throw Icicle             Conj/Ice       ####....     5%          4    N/A
 Animate Skeleton         Necr           N/A          1%          1    N/A
 Regeneration             Chrm/Necr      Unusable     N/A         3    N/A

Skill      XL: |  1  2  3  4  5  6  7  8  9 10 |
---------------+-------------------------------+-----
Spellcasting   | 3 4 5 |  5.0
Short Blades   | 1 2 |  2.9
Armour         | 1 2 3 4 5 |  5.0
Necromancy     | 5 |  5.0
Conjurations   | 2 5 6 7 |  7.6
Fighting       | 4 6 8 |  8.2
Dodging        | 2 4 5 |  5.0
Stealth        | |  1.5

Action                   |  1- 3 |  4- 6 |  7- 9 | 10-12 || total
-------------------------+-------+-------+-------+-------++-------
Melee: Dagger            |     4 |    61 |       |       ||    65
       Short sword       |    47 |    62 |       |       ||   109
       Flail             |       |       |   261 |    69 ||   330
Throw: Throwing net      |       |       |     1 |       ||     1
 Cast: Pain              |    53 |    77 |   215 |   139 ||   484
       Vampiric Draining |       |     3 |    12 |     2 ||    17
       Animate Dead      |       |     6 |    28 |    13 ||    47
Evoke: Wand              |       |       |     2 |    13 ||    15
  Use: Scroll            |       |     9 |     6 |     3 ||    18
 Stab: Sleeping          |       |     3 |     4 |       ||     7
       Distracted        |       |     1 |       |       ||     1
Armor: Leather armour    |    20 |    67 |   201 |    50 ||   338
Dodge: Dodged            |    28 |   101 |   283 |   130 ||   542
       Deflected         |       |       |     5 |     4 ||     9

Inventory:

Hand Weapons
 a - the +4 flail of the Magi (weapon) {drain, *Contam Int+8}
   (You found it on level 4 of the Dungeon)

   A truly terrible weapon, it drains the life of those it strikes.
   It affects your intelligence (+8).
   It causes magical contamination when unequipped.
Armour
 b - a +3 leather armour (worn)
   (You found it on level 3 of the Dungeon)
 e - a +1 leather armour of magic resistance
   (You took it off an orc on level 8 of the Dungeon)
 i - a +2 pair of boots (worn)
   (You found it on level 1 of the Dungeon)
 l - a scarf of repulsion (worn)
   (You found it on level 3 of the Dungeon)
 m - a +0 pair of gloves (worn)
   (You found it on level 7 of the Dungeon)
 o - a +0 cloak
   (You took it off Crazy Yiuf on level 7 of the Dungeon)
Jewellery
 d - an uncursed ring of fire
   (You found it on level 5 of the Dungeon)
Wands
 h - a wand of flame (10)
   (You found it on level 5 of the Dungeon)
Scrolls
 f - a scroll of fog
 g - 3 scrolls of fear
 j - 2 scrolls of immolation
 n - 4 scrolls of remove curse
 r - a scroll of identify
 t - 4 scrolls of teleportation {!r}
 B - 2 scrolls of blinking You were in a bailey. You worshipped Vehumet. Vehumet was greatly pleased with you. You were not hungry. You visited 2 branches of the dungeon, and saw 10 of its levels. You also visited: Sewer and Bailey. You collected 449 gold pieces.

Dungeon Overview and Level Annotations

Branches:
Dungeon (9/15)             Temple (1/1) D:4            Lair (0/6) D:8
    Orc: D:9-12

Altars:
Ashenzari
Cheibriados
Fedhas
Gozag
Hepliaklqana
Kikubaaqudgha
Makhleb
Nemelex Xobeh
Okawaru
Ru
Sif Muna
Trog
Uskayaw
Vehumet
Yredelemnul
Zin

Shops:
D:7 !   D:9 [

Annotations:
D:8 exclusion: 2 oklob plants
D:9 Joseph

##.### ###.###
.....### ###.....###
.......###..§§.....##
........#).§§§......#
........§§§§§§......#
..⌠.....#§§§§.⌠.....#
.......)#§§§§.......#
........#§§§§.......#
.......###..§§.o@))###
.....###
###§....#)#)### ♣♣♣♣♣♣
##.###
###.###))...###♣♣.....
.###
###....)....##......
o8# ..
#.........))#......
g8#...
#........)..'......
..'...
#.....⌠.....').∩.∩.
.8#...
#...........)).....
.8##..
#......)...[#).....


You could see an orc warlord.

Notes
Turn   | Place    | Note
-------+----------+-------------------------------------------
     0 | D:1      | theanonym the Mummy Necromancer began the quest for the
                  | Orb.
     0 | D:1      | Reached XP level 1. HP: 13/13 MP: 4/4
   215 | D:1      | Reached skill level 3 in Spellcasting
   457 | D:1      | Reached XP level 2. HP: 13/19 MP: 1/6
   895 | D:1      | HP: 9/19 [leopard gecko (3)]
  1293 | D:2      | Found a shattered altar of Ashenzari.
  1328 | D:2      | Reached XP level 3. HP: 24/24 MP: 1/7
  1390 | D:2      | Learned a level 3 spell: Vampiric Draining
  1538 | D:2      | Reached skill level 1 in Short Blades
  1672 | D:2      | Reached skill level 1 in Armour
  1889 | D:2      | Reached XP level 4. HP: 28/30 MP: 9/9
  2330 | D:3      | Learned a level 4 spell: Animate Dead
  2447 | D:3      | Noticed Terence
  2452 | D:3      | Killed Terence
  2452 | D:3      | Reached skill level 4 in Spellcasting
  2843 | D:3      | Reached XP level 5. HP: 35/35 MP: 11/11
  3235 | D:4      | Found a snail-covered altar of Cheibriados.
  3340 | D:4      | Found a staircase to the Ecumenical Temple.
  3361 | D:4      | Reached skill level 2 in Short Blades
  3412 | D:4      | Reached skill level 2 in Armour
  3412 | D:4      | Reached skill level 5 in Necromancy
  3420 | D:4      | Reached XP level 6. HP: 28/41 MP: 0/12
  3437 | Temple   | Entered the Ecumenical Temple
  3445 | Temple   | Became a worshipper of Vehumet
  3642 | D:4      | HP: 20/41 [worker ant (1)]
  3657 | D:4      | HP: 18/41 [bullfrog skeleton (4)]
  3914 | D:4      | Reached skill level 5 in Spellcasting
  4217 | D:4      | Got a polished flail
  4218 | D:4      | Identified the +4 flail of the Magi {drain, *Contam Int+8}
                  | (You found it on level 4 of the Dungeon)
  4415 | D:5      | Entered Level 5 of the Dungeon
  4494 | D:5      | Reached skill level 3 in Armour
  4513 | D:5      | Reached XP level 7. HP: 46/46 MP: 8/14
  4540 | D:5      | Found a sparkling altar of Nemelex Xobeh.
  4692 | D:5      | Found a glowing drain.
  4696 | Sewer    | Entered a sewer
  4885 | Sewer    | Reached * piety under Vehumet
  4885 | Sewer    | Offered knowledge of Sting by Vehumet.
  4894 | Sewer    | Learned a level 1 spell: Sting
  5015 | Sewer    | Found a white marble altar of Elyvilon.
  5104 | D:5      | Found a sparkling altar of Nemelex Xobeh.
  5106 | D:5      | Found an ancient bone altar of Kikubaaqudgha.
  5113 | D:5      | Reached skill level 1 in Conjurations
  5117 | D:5      | Reached skill level 4 in Armour
  5193 | D:5      | Noticed Prince Ribbit
  5204 | D:5      | HP: 9/46 [Prince Ribbit (15)]
  5207 | D:5      | HP: 2/46 [bullfrog zombie (5)]
  5616 | D:5      | HP: 21/46 [Prince Ribbit (17)]
  5619 | D:5      | Killed Prince Ribbit
  5619 | D:5      | Reached skill level 2 in Conjurations
  5621 | D:5      | HP: 20/46 [orc/tomahawk (2)]
  5631 | D:5      | HP: 20/46 [orc (1)]
  5808 | D:5      | Reached XP level 8. HP: 52/52 MP: 7/15
  6079 | D:5      | Reached skill level 5 in Armour
  6079 | D:5      | Reached skill level 3 in Conjurations
  6228 | D:6      | Reached skill level 1 in Fighting
  6337 | D:5      | Reached skill level 2 in Fighting
  6522 | D:6      | HP: 24/56 [orc warrior/+0 glaive (14)]
  7085 | D:6      | Reached skill level 3 in Fighting
  7209 | D:6      | Reached skill level 4 in Conjurations
  7527 | D:6      | Reached skill level 4 in Fighting
  7721 | D:7      | Found a runed door.
  7772 | D:7      | Found Bomuk's Distillery.
  8058 | D:7      | Noticed Pikel
  8062 | D:7      | Paralysed by Pikel for 5 turns
  8075 | D:7      | Killed Pikel
  8075 | D:7      | Reached skill level 2 in Dodging
  8075 | D:7      | Reached skill level 5 in Conjurations
  8075 | D:7      | Reached XP level 9. HP: 51/67 MP: 0/16
  8199 | D:7      | Reached skill level 5 in Fighting
  8201 | D:7      | HP: 30/68 [killer bee (5)]
  8202 | D:7      | Offered knowledge of Magic Dart by Vehumet.
  8468 | D:7      | Reached ** piety under Vehumet
  8482 | D:7      | Reached skill level 3 in Dodging
  8940 | D:7      | Noticed Crazy Yiuf
  8946 | D:7      | Killed Crazy Yiuf
  9100 | D:7      | HP: 32/68 [killer bee (8)]
  9106 | D:7      | HP: 24/68 [hound (3)]
  9131 | D:7      | HP: 28/68 [crimson imp/+0 war axe (1)]
  9136 | D:7      | HP: 12/68 [crimson imp/+0 war axe (9)]
  9554 | D:8      | theanonym: ??vampiric draining
  9554 | D:8      | beem: vampiric draining[1/1]: L3 necro melee spell; does 2
                  | + 2d9/2 + (d(pow)-1) / 7 damage. Will not deal more damage
                  | than the hp you're missing. Heals you for half dealt
                  | damage. It never misses. Cannot be cast on monsters with
                  | rN, unless they're invisible to you, in which case casting
                  | on them will do nothing.
  9720 | D:8      | Found a staircase to the Lair.
  9755 | D:8      | Reached skill level 6 in Fighting
  9775 | D:8      | Reached skill level 4 in Dodging
  9965 | D:8      | Reached skill level 6 in Conjurations
 10166 | D:8      | Noticed an oklob plant
 10196 | D:8      | Noticed an oklob plant
 10279 | D:8      | Found a hazy altar of Hepliaklqana.
 10282 | D:8      | Found a glowing silver altar of Zin.
 10285 | D:8      | Found a burning altar of Makhleb.
 10686 | D:8      | Offered knowledge of Static Discharge by Vehumet.
 11074 | D:9      | Noticed a two-headed ogre
 11079 | D:9      | Killed a two-headed ogre
 11079 | D:9      | Reached XP level 10. HP: 70/77 MP: 10/17
 11104 | D:9      | Reached skill level 7 in Fighting
 11237 | D:9      | Found a blossoming altar of Fedhas.
 11258 | D:9      | Noticed Psyche
 11271 | D:9      | Killed Psyche
 11271 | D:9      | Reached skill level 5 in Dodging
 11281 | D:9      | Found Safaox's Armour Boutique.
 11281 | D:9      | Noticed Joseph
 11302 | D:8      | Reached *** piety under Vehumet
 11377 | D:9      | Found a flagged portal.
 11387 | Bailey   | Entered a bailey
 11680 | Bailey   | Reached skill level 7 in Conjurations
 11849 | Bailey   | Offered knowledge of Throw Icicle by Vehumet.
 11866 | Bailey   | Noticed an orc knight
 11927 | Bailey   | Killed an orc knight
 12001 | Bailey   | Reached skill level 8 in Fighting
 12233 | Bailey   | Reached **** piety under Vehumet
 12275 | Bailey   | Noticed an orc warlord
 12300 | Bailey   | HP: 39/80 [orc warlord/+3 great sword (31)]
 12305 | Bailey   | HP: 34/80 [orc warlord/+3 great sword (6)]
 12307 | Bailey   | HP: 7/80 [orc warlord/+3 great sword (27)]
 12327 | Bailey   | Demolished by an orc warlord

Vanquished Creatures
  A two-headed ogre (D:9)
  Pikel (D:7)
  An orc knight (Bailey)
  Psyche (D:9)
  A hornet (D:8)
  Prince Ribbit (D:5)
  9 orc warriors
  A sky beast (D:7)
  4 ice beasts
  An ogre (D:7)
  3 slaves (D:7)
  A phantom (D:7)
  2 centaurs
  A big kobold (Sewer)
  2 bullfrogs (D:6)
  A scorpion (D:5)
  11 killer bees
  4 crimson imps
  A bullfrog zombie (D:5)
  A centaur zombie (D:6)
  4 orc wizards
  6 hounds
  A jelly (D:6)
  An orc priest (D:9)
  2 centaur skeletons
  Crazy Yiuf (D:7)
  4 bullfrog skeletons
  3 iguanas
  8 worker ants
  Terence (D:3)
  2 hound zombies
  A hound skeleton (D:5)
  2 worker ant zombies (D:6)
  11 gnolls
  11 adders
  3 river rats
  2 shadow imps
  2 oozes (D:2)
  A worm (D:3)
  2 adder skeletons
  2 dart slugs
  11 leopard geckos
  39 orcs
  7 giant cockroaches
  15 goblins
  20 hobgoblins
  7 jackals
  4 quokkas
  8 bats
  7 frilled lizards
  11 kobolds
  A quokka skeleton (D:4)
  A quokka zombie (D:7)
  11 rats
260 creatures vanquished.

Vanquished Creatures (collateral kills)
  An orc warrior (Bailey)
  A killer bee (D:8)
  A crimson imp (D:7)
  An adder (D:7)
  3 orcs
  A hobgoblin (Bailey)
  A jackal (Sewer)
  3 kobolds (Sewer)
  A quokka skeleton (D:4)
13 creatures vanquished.

Vanquished Creatures (others)
  A killer bee (D:7)
  2 fungi (D:8)
  A plant (D:8)
4 creatures vanquished.

Grand Total: 277 creatures vanquished

Table legend:
 A = Turns spent in this place as a percentage of turns spent in the entire game.
 B = Non-inter-level travel turns spent in this place as a percentage of non-inter-level travel turns spent in the entire game.
 C = Inter-level travel turns spent in this place as a percentage of turns spent in this place.
 D = Turns resting spent in this place as a percentage of non-inter-level travel turns spent in this place.
 E = Turns spent auto-exploring this place as a percentage of non-inter-level travel turns spent in this place.
 F = Non-inter-level travel turns spent in this place divided by the number of levels of this place that you've seen.
                   A       B       C       D       E      F
               +-------+-------+-------+-------+-------+----------------------
         Total | 100.0 | 100.0 |   4.7 |  47.5 |  33.9 | 978.8
       Dungeon |  89.3 |  88.9 |   5.2 |  46.6 |  36.6 | 1160.0
        Temple |   0.1 |   0.1 |  47.1 |   0.0 |   0.0 |   9.0
         Sewer |   2.9 |   3.0 |   0.0 |  59.6 |  24.2 | 356.0
        Bailey |   7.6 |   8.0 |   0.0 |  53.4 |   8.5 | 940.0
               +-------+-------+-------+-------+-------+----------------------
